 Dungeon Crawl Stone Soup version 0.27.1-1-g398f81649c (webtiles) character file.

Game seed: 15059288254283969194

20666 ZARRMARR the Covert (level 12, -21/82 HPs)
             Began as an Octopode Brigand on Sept 8, 2021.
             Was a Priest of Sif Muna.
             Demolished by a minotaur (33 damage)
             ... in a Gauntlet.
             The game lasted 02:13:48 (19794 turns).

ZARRMARR the Covert (Octopode Brigand)             Turns: 19794, Time: 02:13:49

Health: -21/82     AC:  1    Str: 23    XL:     12   Next: 81%
Magic:  22/22      EV: 17    Int: 17    God:    Sif Muna [***...]
Gold:   94         SH:  0    Dex: 16    Spells: 25/25 levels left

rFire    . . .     SeeInvis .   s - +6 dagger (flame)
rCold    . . .     Faith    .   (no shield)
rNeg     + . .     Spirit   .   (helmet restricted)
rPois    +         Reflect  .   (no amulet)
rElec    .         Harm     .   d - +4 ring of slaying
rCorr    +         Rampage  .   f - +6 ring of strength
Will     +++..     NoTele   +   N - ring "Fan Putougi" {rF+ Will+ rCorr Stlth+}
Stlth    +++++++...             O - +6 ring of strength
HPRegen  0.23/turn              x - ring of Boteqedgh {rPois rF- rN+ Will++ Dex+2}
MPRegen  0.18/turn              (no ring)
                                (no ring)
                                (no ring)

@: no status effects
A: almost no armour, amphibious, 8 rings, camouflage 1, gelatinous body 1,
(nimble swimmer 1), tentacles
a: Renounce Religion, Channel Magic, Forget Spell


You were in a Gauntlet.
You worshipped Sif Muna.
Sif Muna was most pleased with you.
You visited 3 branches of the dungeon, and saw 15 of its levels.
You also visited: Gauntlet.

You collected 886 gold pieces.
You spent 792 gold pieces at shops.

Inventory:

Hand Weapons
 s - a +6 dagger of flaming (weapon)
Missiles
 c - 2 curare-tipped darts (quivered)
 j - 3 throwing nets
 t - 96 poisoned darts
 v - 6 javelins
 E - 22 bolts
 I - 13 boomerangs
Armour
 S - the +2 hat of Instinct {Regen+ Slay-3 Stlth+}
   (You found it in a Gauntlet)

   Slay:      It affects your accuracy & damage with ranged weapons and melee
   (-3).
   Regen:     It increases your rate of health regeneration.
   Stlth:     It makes you more stealthy.
 U - the +0 cloak of Dawn {Will+ Dex+2}
   (You found it in a Gauntlet)

   Dex:       It affects your dexterity (+2).
   Will:      It increases your willpower.
 V - a +0 robe
Jewellery
 d - a +4 ring of slaying (left tentacle)
 f - a +6 ring of strength (right tentacle)
 h - a ring of fire
 x - the ring of Boteqedgh (on tentacle) {rPois rF- rN+ Will++ Dex+2}
   (You bought it in a shop on level 12 of the Dungeon)

   [ring of poison resistance]

   Dex:       It affects your dexterity (+2).
   rF:        It makes you vulnerable to fire.
   rPois:     It protects you from poison.
   rN:        It protects you from negative energy.
   Will:      It greatly increases your willpower.
 G - a ring of magical power
 N - the ring "Fan Putougi" (on tentacle) {rF+ Will+ rCorr Stlth+}
   (You bought it in a shop on level 12 of the Dungeon)

   [ring of resist corrosion]

   rF:        It protects you from fire.
   rCorr:     It protects you from acid and corrosion.
   Will:      It increases your willpower.
   Stlth:     It makes you more stealthy.
 O - a +6 ring of strength (on tentacle)
Wands
 C - a wand of paralysis (4)
 F - a wand of charming (21)
 J - a wand of mindburst (15)
 K - a wand of iceblast (11)
Scrolls
 b - a scroll of noise {unknown}
 e - a scroll of fear {unknown}
 l - 4 scrolls of enchant armour
 o - 2 scrolls of magic mapping
 p - 4 scrolls of amnesia
 q - 3 scrolls of teleportation
 r - a scroll of blinking {unknown}
 u - a scroll of holy word {unknown}
 y - a scroll of summoning {unknown}
 B - a scroll of vulnerability {unknown}
 H - a scroll of immolation {unknown}
 Q - 2 scrolls of fog {unknown}
Potions
 a - a potion of degeneration {unknown}
 g - 2 potions of haste {unknown}
 i - 4 potions of curing
 k - 2 potions of lignification {unknown}
 m - a potion of berserk rage {unknown}
 n - a potion of mutation {unknown}
 w - a potion of cancellation
 z - 2 potions of flight
 A - a potion of invisibility {unknown}
 D - a potion of heal wounds {unknown}
 L - a potion of attraction {unknown}
 M - a potion of magic {unknown}
Miscellaneous
 P - a condenser vane (inert)
 R - a lightning rod (inert)
 T - a condenser vane (inert)


   Skills:
 - Level 8.1 Fighting
 - Level 10.0 Short Blades
 - Level 6.2 Throwing
 - Level 7.8 Dodging
 - Level 12.0 Stealth
 + Level 7.2 Spellcasting
 + Level 8.0 Earth Magic
 - Level 2.0 Invocations
 - Level 1.8 Evocations


You had 25 spell levels left.
You didn't know any spells.
Your spell library contained the following spells:

 Spells                   Type           Power      Damage    Failure   Level
 Stone Arrow              Conj/Erth      38%        3d9       7%          3
 Animate Skeleton         Necr           12%        N/A       12%         1
 Pain                     Necr           24%        1d5       12%         1
 Shock                    Conj/Air       24%        1d4       12%         1
 Sting                    Tmut/Pois      24%        1d4       12%         1
 Corpse Rot               Necr/Air       N/A        N/A       17%         2
 Poisonous Vapours        Pois/Air       12%        N/A       17%         2
 Swiftness                Air            6%         N/A       34%         3
 Vampiric Draining        Necr           3%         2d6       34%         3
 Bolt of Magma            Conj/Fire/Erth 7%         4d6       71%         5
 Airstrike                Air            3%         N/A       75%         4
 Olgreb's Toxic Radiance  Pois           6%         N/A       75%         4
 Blade Hands              Tmut           3%         N/A       97%         5
 Freezing Cloud           Conj/Ice/Air   3%         6-21      97%         5
 Iron Shot                Conj/Erth      9%         9d3       98%         6
 Shatter                  Erth           16%        3d16*     100%        9
 Animate Armour           Summ/Erth      Unusable   N/A       N/A         4

Dungeon Overview and Level Annotations

Branches:
Dungeon (13/15)            Temple (1/1) D:5            Lair (1/6) D:10
    Orc (0/2) D:9          Vaults (0/5) D:13        Gauntlet (1/1)

Altars:
Ashenzari
Cheibriados
Dithmenos
Elyvilon
Fedhas
Gozag
Hepliaklqana
Kikubaaqudgha
Makhleb
Nemelex Xobeh
Okawaru
Qazlal
Ru
Sif Muna
Trog
Uskayaw
Vehumet
Wu Jian
Xom
Yredelemnul
Zin
The Shining One
Beogh

Shops:
D:2 :   D:9 (   D:12 =

Annotations:
D:11 2 runed translucent doors, jlumianski's ghost, journeyman DDFi
D:12 exclusions: boulder beetle, death knight, manticore, slime creature, two-headed ogre and wraith
D:13 exclusions: basilisk and centaur warrior Gauntlet 8 transporters, 1 runed translucent door


Innate Abilities, Weirdness & Mutations

You cannot wear most types of armour.
You are amphibious.
You can wear up to eight rings at the same time.
Your skin changes colour to match your surroundings (Stealth+).
Your rubbery body absorbs attacks. (AC +1, EV +1)
((You are camouflaged near water. (Stealth+)))
You have tentacles for arms and can constrict up to eight enemies at once.


Message History

Your magical contamination has completely faded away.
You start resting.
HP restored.
You see here 22 bolts.
E - 22 bolts
There are no items here.
You see here the +0 cloak of Dawn {Will+ Dex+2}.
U - the +0 cloak of Dawn {Will+ Dex+2}
There are no items here.
You see here a +0 robe.
V - a +0 robe
There are no items here.
Unknown command.
Unknown command.
There is a transporter here.
You enter the transporter and appear at another place.
Unknown command.
A minotaur comes into view.
It is wielding a staff of cold and quivering silver javelins.
Found an ichor-stained hat and an encrusted brass wand.
Press: ? - help, v - describe, . - travel
Here: a minotaur, wielding a staff of cold, wearing +0 storm dragon scales, wearing a +4 ring of evasion and quivering silver javelins (wandering, hasn't noticed you)
The floor, spattered with blood.
Unknown command.
You start waiting.
A minotaur is nearby!
The minotaur hits you with a staff of cold!!
The minotaur freezes you. The minotaur gores you.
It was a potion of flight.
You feel very buoyant.
You fly up into the air.
The minotaur hits you with a staff of cold!!
* * * LOW HITPOINT WARNING * * *
The minotaur freezes you!
* * * LOW HITPOINT WARNING * * *
The minotaur closely misses you.
It was a potion of cancellation.
Your magical effects are unravelling.
You feel magically purged.
You float gracefully downwards.
The minotaur hits you with a staff of cold!!
You die...

.......§...#≈#########≈#.........
#≈#≈#≈#§#≈####.......####≈#≈#≈#≈#
#############..8.8.8..# #########
##...©.©.©...# #.............#
#.#.#######.#.# #.#....# ...#.#
#.#.##.#.##.#. #.....@.......
#.#..##H##..#. #.#..# .8# #....#
..# ###8.# .8# #### .[# .8# ./#


You could see a minotaur.

Vanquished Creatures
  Josephine (D:13)
  A hydra (D:12)
  2 boulder beetles (D:11)
  A two-headed ogre (D:9)
  A thrashing horror (Gauntlet)
  A skeletal warrior (D:13)
  A deep troll (shapeshifter) (D:13)
  A deep elf pyromancer (D:13)
  The ghost of COBRA the Cleaver, a novice HOFi of Okawaru (D:8)
  An orc knight (D:13)
  A manticore (D:11)
  An elephant (D:10)
  An apocalypse crab (Gauntlet)
  2 gargoyles
  4 centaur skeletons (D:13)
  An unseen horror (D:12)
  2 efreet (D:13)
  2 komodo dragons (D:8)
  A kobold demonologist (D:11)
  3 trolls
  4 shadows
  Sigmund (D:3)
  8 wraiths
  6 yaks
  A wyvern (D:10)
  A steam dragon (D:8)
  3 vampire mosquitoes (D:12)
  Menkaure (D:5)
  3 acid dragons
  An ice beast (D:7)
  5 black bears
  A sky beast (D:8)
  A necrophage (D:5)
  8 orc warriors
  The ghost of jink69 the Chopper, an amateur MiGl of Yredelemnul (D:3)
  6 wolves (Lair:1)
  8 centaurs
  An ogre (D:6)
  3 phantoms
  3 kobold brigands
  3 scorpions
  A bullfrog (D:7)
  3 small abominations (Gauntlet)
  3 wyvern skeletons
  A water moccasin skeleton (D:5)
  3 wights (D:7)
  2 howler monkeys
  3 centaur zombies
  8 orc priests
  3 hounds
  A gnoll shaman (D:8)
  Crazy Yiuf (D:2)
  3 iguanas
  A scorpion zombie (D:5)
  7 orc wizards
  3 killer bee zombies
  A spectral howler monkey (D:8)
  A hound skeleton (D:5)
  6 adders
  7 gnolls
  A shadow imp (D:8)
  4 worms
  2 dart slugs
  36 orcs
  8 endoplasms
  5 giant cockroaches
  6 hobgoblins
  19 kobolds
  3 quokkas
  9 ball pythons
  8 bats
  4 frilled lizards
  6 goblins
  8 rats
275 creatures vanquished.

Vanquished Creatures (others)
  2 fungi
  A withered plant (Gauntlet)
3 creatures vanquished.

Grand Total: 278 creatures vanquished

Notes
Turn   | Place    | Note
-------+----------+-------------------------------------------
     0 | D:1      | ZARRMARR the Octopode Brigand began the quest for the Orb.
     0 | D:1      | Reached XP level 1. HP: 14/14 MP: 1/1
   104 | D:1      | Reached XP level 2. HP: 19/19 MP: 2/2
   574 | D:1      | Found a faded altar of an unknown god.
   713 | D:1      | Reached XP level 3. HP: 24/24 MP: 3/3
   964 | D:2      | Found a sacrificial altar of Ru.
  1008 | D:2      | Found Ikeupnya's Book Shop.
  1333 | D:2      | Reached XP level 4. HP: 30/30 MP: 4/4
  1721 | D:2      | Found a runed translucent door.
  1722 | D:2      | Noticed Crazy Yiuf
  2016 | D:3      | Found a transporter.
  2023 | D:3      | Noticed jink69's ghost (amateur MiGl)
  2065 | D:3      | Noticed Sigmund
  2068 | D:3      | Killed Sigmund
  2069 | D:3      | Reached skill level 6 in Stealth
  2069 | D:3      | Reached skill level 1 in Spellcasting
  2069 | D:3      | Reached skill level 1 in Earth Magic
  2069 | D:3      | Reached XP level 5. HP: 36/36 MP: 4/6
  2069 | D:3      | Reached XP level 6. HP: 42/42 MP: 4/7
  2114 | D:3      | Found a transporter.
  2283 | D:3      | Found a sacrificial altar of Ru.
  2704 | D:4      | Noticed a black bear
  2711 | D:4      | Killed a black bear
  2758 | D:4      | Noticed a black bear
  2767 | D:4      | Killed a black bear
  2768 | D:4      | Reached XP level 7. HP: 46/46 MP: 9/9
  3158 | D:5      | Entered Level 5 of the Dungeon
  3397 | D:5      | Found a staircase to the Ecumenical Temple.
  3416 | Temple   | Entered the Ecumenical Temple
  3422 | Temple   | Became a worshipper of Sif Muna the Loreminder
  3673 | D:5      | Noticed Menkaure
  3831 | D:5      | Reached skill level 5 in Short Blades
  3831 | D:5      | Reached XP level 8. HP: 54/54 MP: 11/11
  3975 | D:5      | Reached skill level 7 in Stealth
  4927 | D:6      | Reached skill level 1 in Invocations
  5381 | D:7      | Reached XP level 9. HP: 59/59 MP: 13/13
  5754 | D:7      | Reached skill level 8 in Stealth
  5904 | D:7      | Found a glowing silver altar of Zin.
  5904 | D:7      | Noticed an angel
  5905 | D:7      | Found a shimmering altar of Xom.
  6650 | D:8      | Noticed a komodo dragon
  6679 | D:8      | Noticed a troll
  7110 | D:8      | Reached * piety under Sif Muna
  7111 | D:8      | Reached skill level 5 in Fighting
  7143 | D:8      | Killed a troll
  7466 | D:7      | Reached skill level 5 in Dodging
  8025 | D:8      | Reached XP level 10. HP: 66/66 MP: 16/16
  8045 | D:7      | Reached skill level 9 in Stealth
  8255 | D:8      | Found a transporter.
  8264 | D:8      | Found a transporter.
  8265 | D:8      | Noticed COBRA's ghost (novice HOFi)
  8396 | D:8      | Reached skill level 5 in Earth Magic
  8841 | D:9      | Found Garofu's Weapon Shoppe.
  9696 | D:9      | Noticed a two-headed ogre
  9700 | D:9      | Killed a two-headed ogre
  9750 | D:9      | Found a staircase to the Orcish Mines.
  9764 | D:9      | Reached ** piety under Sif Muna
 10196 | D:9      | Reached skill level 5 in Spellcasting
 10200 | D:9      | Reached skill level 10 in Stealth
 10478 | D:10     | Entered Level 10 of the Dungeon
 10890 | D:9      | Reached XP level 11. HP: 37/74 MP: 18/18
 11256 | D:10     | Found a white marble altar of Elyvilon.
 12852 | D:11     | Found a large runed translucent door.
 12852 | D:11     | Found a large runed translucent door.
 12852 | D:11     | Noticed jlumianski's ghost (journeyman DDFi)
 12986 | D:11     | Noticed a manticore
 13124 | D:11     | Killed a manticore
 13140 | D:11     | Noticed a boulder beetle
 13149 | D:11     | Killed a boulder beetle
 13149 | D:11     | Reached *** piety under Sif Muna
 13582 | D:11     | Noticed a boulder beetle
 13595 | D:11     | Killed a boulder beetle
 14286 | D:12     | Reached skill level 11 in Stealth
 14517 | D:12     | Noticed a death knight
 14532 | D:12     | Noticed a manticore
 14585 | D:12     | Reached skill level 10 in Short Blades
 14603 | D:12     | Noticed a boulder beetle
 14874 | D:12     | Noticed a two-headed ogre
 15081 | D:12     | Noticed a seven-headed hydra
 15085 | D:12     | Killed a seven-headed hydra
 15090 | D:12     | Found Cuarogud's Jewellery Shop.
 15098 | D:12     | Bought the ring "Fan Putougi" {rF+ Will+ rCorr Stlth+} for
                  | 424 gold pieces
 15423 | D:13     | Noticed a centaur warrior
 15529 | D:13     | Found a blossoming altar of Fedhas.
 15636 | D:13     | HP: 1/75 [gargoyle/stone arrow (10)]
 16280 | D:2      | Killed Crazy Yiuf
 16398 | D:3      | Killed jink69's ghost
 16563 | D:5      | Killed Menkaure
 16564 | D:5      | Reached XP level 12. HP: 81/81 MP: 21/21
 16715 | D:8      | Killed COBRA's ghost
 17075 | D:10     | Found a staircase to the Lair.
 17182 | D:10     | Found a staircase to the Lair.
 17350 | D:10     | Found a white marble altar of Elyvilon.
 17774 | D:12     | Bought the ring of Boteqedgh {rPois rF- rN+ Will++ Dex+2}
                  | for 368 gold pieces
 18057 | D:13     | Reached skill level 5 in Throwing
 18392 | D:13     | Noticed Josephine
 18396 | D:13     | Killed Josephine
 18714 | D:13     | Reached skill level 1 in Evocations
 18902 | D:13     | Found a gate to the Vaults.
 18909 | D:13     | Noticed an ogre mage
 18910 | D:13     | Noticed a two-headed ogre
 18912 | D:13     | Noticed a centaur warrior
 19146 | Lair:1   | Entered Level 1 of the Lair of Beasts
 19155 | Lair:1   | Reached skill level 12 in Stealth
 19194 | Lair:1   | Found a gate leading to a gauntlet.
 19203 | Gauntlet | Entered a Gauntlet
 19203 | Gauntlet | Found a transporter.
 19207 | Gauntlet | Found a transporter.
 19221 | Gauntlet | Noticed a reaper
 19224 | Gauntlet | Found a transporter.
 19227 | Gauntlet | Found a transporter.
 19245 | Gauntlet | Found a transporter.
 19257 | Gauntlet | Found a transporter.
 19261 | Gauntlet | Found a runed translucent door.
 19271 | Gauntlet | Found a transporter.
 19289 | Gauntlet | Found a transporter.
 19293 | Gauntlet | Found a transporter.
 19299 | Gauntlet | Noticed a thrashing horror
 19304 | Gauntlet | Found a transporter.
 19321 | Gauntlet | Noticed a quicksilver ooze
 19324 | Gauntlet | Found a transporter.
 19328 | Gauntlet | Found a transporter.
 19463 | Gauntlet | Identified the +2 hat of Instinct {Regen+ Slay-3 Stlth+}
 19477 | Gauntlet | Killed a thrashing horror
 19755 | Gauntlet | Identified the +0 cloak of Dawn {Will+ Dex+2}
 19773 | Gauntlet | Noticed a minotaur
 19794 | Gauntlet | Demolished by a minotaur

Illustrated notes

Levels and vault maps discovered:
D:1:      minmay_arrival_up_and_down, layout_loops_ring,
          shapermc_ecumenical_altar_starsandcircs
D:2:      layout_rooms, serial_rivers, chequers_serial_rivers_room_b,
          chequers_serial_rivers_micro_d, chequers_serial_rivers_micro_a,
          chequers_serial_rivers_micro_d, basic_altar, serial_shops, shop,
          guppyfry_early_orc_mine, uniq_crazy_yiuf_cottage
D:3:      minmay_spotlight, layout_basic, hangedman_ru_absence,
          gammafunk_ghost_arena, serial_glass, glass_columns_c, glass_columns_c,
          uniq_sigmund
D:4:      layout_cave_pools
D:5:      layout_basic, minmay_temple_entry_antechambers, grunt_ministairs_8,
          uniq_menkaure
D:6:      layout_loops_corners, hangedman_abyss_or_decor_passed
D:7:      layout_loops_ring, grunt_temple_overflow_order_and_chaos_1,
          kennysheep_generic_room_5
D:8:      layout_cave_pools, gammafunk_ghost_mausoleum,
          amcnicky_mini_rare_corridor_liquid
D:9:      layout_loops_ring, david_orc_5, serial_shops, shop_statue,
          kennysheep_generic_room_7
D:10:     layout_small_grid, elyvilon_altar_3, david_lair_generic
D:11:     layout_basic, ebering_ghost_disaster_area
D:12:     layout_irregular_city, serial_shops, shop, minivault_16,
          minmay_fractal_squares_gapless_7
D:13:     layout_roguey, hangedman_vaults_entry_quadrant_bands,
          fedhas_bush_and_centaur_altar, uniq_josephine
Temple:   nicolae_temple_no_exploring_needed
Lair:1:   layout_roguey, gauntlet_entry_generic, minmay_lair_oklob_items
Gauntlet: minmay_gauntlet_mixed_oops_all_seconds
          [minmay_gauntlet_arena_77_two_paths,
          gammafunk_gauntlet_arena_split_diamond,
          minmay_gauntlet_arena_77_tiled_triplets,
          gammafunk_gauntlet_arena_teeth, minmay_gauntlet_arena_77_path,
          nicolae_gauntlet_swirl, nicolae_gauntlet_exit_dead_adventurers]

Skill      XL: |  1  2  3  4  5  6  7  8  9 10 11 12 |
---------------+-------------------------------------+-----
Short Blades   | 3 4 5 6 7 8 10 | 10.0
Fighting       | 3 4 5 6 7 8 |  8.1
Throwing       | 3 4 6 |  6.2
Dodging        | 2 3 4 5 6 7 |  7.8
Stealth        | 6 7 8 10 11 12 | 12.0
Spellcasting   | 1 2 3 4 5 6 7 |  7.2
Earth Magic    | 1 2 3 4 5 6 8 |  8.0
Invocations    | 1 2 |  2.0
Evocations     | 1 |  1.8

Action                   |  1- 3 |  4- 6 |  7- 9 | 10-12 || total
-------------------------+-------+-------+-------+-------++-------
Melee: Dagger            |    57 |    52 |   141 |   379 ||   629
       Constrict         |    12 |     8 |    22 |    35 ||    77
       Tentacles         |     5 |     5 |    32 |    95 ||   137
Throw: Dart              |    25 |    17 |    47 |   135 ||   224
       Javelin           |       |       |    11 |    13 ||    24
       Throwing net      |       |       |       |     1 ||     1
Evoke: Wand              |       |       |     2 |    33 ||    35
       Lightning rod     |       |       |       |     4 ||     4
       Condenser vane    |       |       |       |     1 ||     1
  Use: Scroll            |     3 |     1 |     3 |     8 ||    15
       Potion            |       |     1 |       |     5 ||     6
 Stab: Sleeping          |    14 |    16 |    20 |    27 ||    77
       Paralysed         |       |       |     1 |     1 ||     2
       Distracted        |       |       |       |     1 ||     1
Armor: Skin              |     4 |     1 |     3 |    12 ||    20
Dodge: Dodged            |    24 |    19 |    73 |   168 ||   284
